 Dungeon Crawl Stone Soup version 0.18-a0-1323-g706dcef (webtiles) character file.

88 Ratboiler the Digger (level 4, -3/25 HPs)
             Began as a Deep Elf Wanderer on Feb 15, 2016.
             Was an Initiate of Sif Muna.
             Killed by nerve-wracking pain
             ... invoked by a shadow imp
             ... summoned by Natasha
              (13 damage)
             ... on level 3 of the Dungeon.
             The game lasted 00:09:01 (2421 turns).

Ratboiler the Digger (Deep Elf Wanderer)            Turns: 2421, Time: 00:09:01

Health: -3/25      AC:  2    Str:  9    XL:     4   Next: 30%
Magic:  2/8        EV: 11    Int: 17    God:    Sif Muna [......]
Gold:   96         SH:  0    Dex: 15    Spells: 3 memorised, 0 levels left

rFire  . . .     SeeInvis .     b - +0 whip (curse)
rCold  . . .     Gourm    .     d - +0 robe
rNeg   . . .     Faith    .     (no shield)
rPois  .         Spirit   .     (no helmet)
rElec  .         Dismiss  .     (no cloak)
rCorr  .         Reflect  .     (no gloves)
SustAt .         Harm     .     (no boots)
MR     .....                    (no amulet)
Stlth  ++........               (no ring)
                                (no ring)

@: not resistant to hostile enchantments, unstealthy
A: no striking features
a: Renounce Religion


You were on level 3 of the Dungeon.
You worshipped Sif Muna.
Sif Muna was noncommittal.
You were not hungry.

You visited 1 branch of the dungeon, and saw 3 of its levels.

You collected 96 gold pieces.

Inventory:

Hand Weapons
 a - a +1 hunting sling of flaming
 b - a cursed +0 whip (weapon)
 n - a +0 club
 q - a +0 dagger
Missiles
 g - 41 stones (quivered)
 j - 4 needles of sleeping
 r - 18 arrows
Armour
 d - a +0 robe (worn)
Scrolls
 c - a scroll of teleportation
 k - 2 scrolls of noise
 o - a scroll of fear
 u - a scroll of amnesia {unknown}
Potions
 i - a potion of curing {unknown}
 l - a potion of berserk rage {unknown}
 m - a potion of resistance {unknown}
 s - a potion of ambrosia {unknown}
 t - a potion of brilliance {unknown}
Books
 e - the Handbook of Transformation

   Spells                             Type                      Level
   a - Sticks to Snakes               Transmutation                2
   b - Passwall                       Transmutation/Earth          2
 h - a book of Geomancy

   Spells                             Type                      Level
   a - Sandblast                      Earth                        1
   b - Passwall                       Transmutation/Earth          2
   c - Stone Arrow                    Conjuration/Earth            3
   d - Petrify                        Transmutation/Earth          4
   e - Lee's Rapid Deconstruction     Earth                        5
Comestibles
 f - a bread ration
 p - 2 fruits


   Skills:
 - Level 1.0 Fighting
   Level 1.7 Crossbows
 - Level 1.2 Stealth
 - Level 1.5 Spellcasting
 + Level 1.6 Conjurations
 - Level 6.0 Earth Magic
   Level 1.1 Evocations


You couldn't memorise any spells.
You knew the following spells:

 Your Spells              Type           Power        Failure   Level  Hunger
a - Sandblast             Erth           ###...       1%          1    ##.....
b - Stone Arrow           Conj/Erth      ##....       14%         3    ####...
c - Sticks to Snakes      Trmt           #.......     34%         2    ###....


Dungeon Overview and Level Annotations

Branches:
Dungeon (3/15)

Altars:
Ashenzari
Gozag
Okawaru
Pakellas
Ru
Sif Muna
Trog
Yredelemnul

Annotations:
D:3 Natasha


Message History

You assume a fearsome visage.
Natasha looks frightened!
The adder looks frightened!
Natasha casts a spell.
You hit Natasha.
Your attack snaps Natasha out of her fear.
Natasha is moderately wounded.
You barely miss Natasha.
Natasha is moderately wounded.
Natasha mumbles some strange words.
You hit Natasha.
Natasha is heavily wounded.
Natasha barely misses you. The shadow imp hits you. Natasha barely misses you.
The shadow imp hits you but does no damage.
Your magical contamination has completely faded away.
You see here a rat corpse.
The shadow imp gestures at you. Pain shoots through your body!
Ouch! That really hurt!
You die...

#####.##.............
#...#[........[... .#
#...#...........##..#
#...#####....#..##..#
#.[...........##....# ##
#.............##....#
..##......h.##.##..#....
..#.......#.##.##.......
........5..#5.5†@.......
.......#.##.#...........
##...##..##.......####.#
##...##................#
....#.........)...######
.#.........########
.#.....)...# ##.##.#####
#.#.........


You could see an iron imp and a shadow imp.

Vanquished Creatures
  3 gnolls
  3 adders (D:2)
  2 giant geckos
  2 giant cockroaches
  A goblin (D:1)
  5 hobgoblins
  6 kobolds
  5 bats
  4 giant newts
  6 rats
37 creatures vanquished.

Notes
Turn   | Place    | Note
--------------------------------------------------------------
     0 | D:1      | Ratboiler the Deep Elf Wanderer began the quest for the Orb.
     0 | D:1      | Ratboiler set off with: a book of Geomancy, the Handbook of Transformation, a scroll of teleportation, a +0 robe, a +0 dagger, a bread ration
     0 | D:1      | Reached XP level 1. HP: 12/12 MP: 5/5
     0 | D:1      | Identified the Handbook of Transformation
     2 | D:1      | Learned a level 1 spell: Sandblast
   263 | D:1      | Reached XP level 2. HP: 16/16 MP: 6/6
   482 | D:1      | Reached skill level 5 in Earth Magic
   795 | D:2      | Found a sacrificial altar of Ru.
   797 | D:2      | Found a bloodstained altar of Trog.
   797 | D:2      | Found an iron altar of Okawaru.
   800 | D:2      | Found a basalt altar of Yredelemnul.
   800 | D:2      | Found an oddly glowing altar of Pakellas.
   800 | D:2      | Found a deep blue altar of Sif Muna.
   801 | D:2      | Found an opulent altar of Gozag.
   828 | D:2      | Became a worshipper of Sif Muna the Loreminder
  1036 | D:2      | Reached XP level 3. HP: 15/20 MP: 7/7
  1112 | D:2      | Learned a level 3 spell: Stone Arrow
  1167 | D:2      | Found a shattered altar of Ashenzari.
  1587 | D:2      | Reached skill level 6 in Earth Magic
  1603 | D:2      | Reached XP level 4. HP: 17/25 MP: 4/8
  1687 | D:2      | Learned a level 2 spell: Sticks to Snakes
  1947 | D:2      | Reached skill level 1 in Conjurations
  2355 | D:3      | Noticed Natasha
  2421 | D:3      | Killed from afar by a shadow imp

Vault maps used:
D:1:      dpeg_arrival_signposts
D:2:      grunt_temple_overflow_open, ashenzari_altar_1
D:3:      hangedman_decor_growths, uniq_natasha

Action                   |  1- 3 |  4- 6 || total
-------------------------+-------+-------++-------
Melee: Dagger            |    11 |    27 ||    38
       Whip              |       |    17 ||    17
 Fire: Hunting sling     |    72 |       ||    72
 Cast: Sandblast         |     8 |     7 ||    15
       Stone Arrow       |       |     2 ||     2
       Sticks to Snakes  |       |     2 ||     2
  Use: Scroll            |     3 |     2 ||     5
  Eat: Chunk             |     2 |     1 ||     3
       Fruit             |       |     1 ||     1
       Pizza             |       |     1 ||     1
